 Dungeon Crawl Stone Soup version 0.20-a0-11-ga97c7b5 (webtiles) character file.

1040 Odds the Sneak (level 8, 0/39 HPs)
             Began as a Vine Stalker Enchanter on Nov 2, 2016.
             Was an Initiate of Ashenzari.
             Slain by a leopard gecko zombie (2 damage)
             ... on level 6 of the Dungeon.
             The game lasted 00:16:51 (5843 turns).

Odds the Sneak (Vine Stalker Enchanter)             Turns: 5843, Time: 00:16:52

Health: 0/39       AC:  4    Str: 12    XL:     8   Next: 24%
Magic:  0/14       EV: 13    Int: 17    God:    Ashenzari [......]
Gold:   186        SH:  0    Dex: 14    Spells: 4 memorised, 3 levels left

rFire  . . .     SeeInvis .     e - +3 short sword (speed) (curse)
rCold  . . .     Gourm    .     b - +1 robe
rNeg   . . .     Faith    .     (no shield)
rPois  .         Spirit   +     (no helmet)
rElec  .         Reflect  .     y - +0 cloak
rCorr  .         Harm     .     (no gloves)
MR     +....                    (no boots)
Stlth  +++.......               (no amulet)
                                (no ring)
                                (no ring)

@: very slightly contaminated
A: fangs 3, regeneration 1, magic shield, antimagic bite, no device heal 3, rot
immunity
a: Curse Item, Renounce Religion


You were on level 6 of the Dungeon.
You worshipped Ashenzari.
Ashenzari was noncommittal.
You were not hungry.

You visited 2 branches of the dungeon, and saw 7 of its levels.

You collected 186 gold pieces.

Inventory:

Hand Weapons
 e - a cursed +3 short sword of speed (weapon)
Armour
 b - a +1 robe (worn)
 g - a +0 leather armour of fire resistance
 j - a +0 leather armour
 y - a +0 cloak (worn)
Wands
 l - a wand of confusion (12/48)
 s - a wand of iceblast (11/15)
 x - a wand of hasting (2/9)
Scrolls
 n - 2 scrolls of enchant weapon
Potions
 a - a potion of cancellation {unknown}
 h - a potion of degeneration
 i - 2 potions of haste {unknown}
 k - 2 potions of curing
 m - a potion of flight {unknown}
 r - a potion of lignification {unknown}
 t - a potion of resistance {unknown}
 u - a potion of brilliance
 z - a potion of berserk rage {unknown}
 A - a potion of invisibility {unknown}
Books
 c - a book of Maledictions

   Spells                             Type                      Level
   a - Corona                         Hexes                        1
   b - Ensorcelled Hibernation        Hexes/Ice                    2
   c - Confuse                        Hexes                        3
   d - Tukima's Dance                 Hexes                        3
   e - Dazzling Spray                 Conjuration/Hexes            3
 v - a book of Cantrips

   Spells                             Type                      Level
   a - Confusing Touch                Hexes                        1
   b - Animate Skeleton               Necromancy                   1
   c - Summon Small Mammal            Summoning                    1
   d - Apportation                    Translocation                1
Comestibles
 d - 2 bread rations
 q - 4 fruits


   Skills:
 + Level 2.5 Fighting
 + Level 3.1 Short Blades
 + Level 3.3 Dodging
 + Level 5.7 Stealth
 + Level 3.9 Spellcasting
 + Level 1.6 Conjurations
 * Level 5.6 Hexes
 - Level 1.2 Ice Magic


You had 3 spell levels left.
You knew the following spells:

 Your Spells              Type           Power        Failure   Level  Hunger
a - Dazzling Spray        Conj/Hex       ###...       12%         3    ###....
b - Ensorcelled Hibernat  Hex/Ice        ###...       10%         2    ##.....
c - Confuse               Hex            ###.....     6%          3    ###....
d - Tukima's Dance        Hex            ###.....     6%          3    ###....


Dungeon Overview and Level Annotations

Branches:
Dungeon (6/15)             Temple (1/1) D:5

Altars:
Ashenzari
Cheibriados
Dithmenos
Elyvilon
Fedhas
Gozag
Hepliaklqana
Kikubaaqudgha
Makhleb
Nemelex Xobeh
Okawaru
Qazlal
Ru
Sif Muna
Trog
Uskayaw
Vehumet
Xom
Yredelemnul
Zin
The Shining One


Innate Abilities, Weirdness & Mutations

You have razor-sharp teeth.
Your natural rate of healing is unusually fast.
When hurt, damage is shared between your health and your magic reserves.
Your bite disrupts and absorbs the magic of your enemies.
Potions and wands cannot restore your health.
You are immune to rotting.


Message History

Your bite misses the orc priest.
The orc priest looks braver for a moment.
You puncture the orc priest!
The orc priest is heavily wounded.
The leopard gecko zombie closely misses you.
The orc priest looks encouraged for a moment.
The orc priest barely misses you.
You hit the orc priest but do no damage.
The orc priest is heavily wounded.
The leopard gecko zombie barely misses you.
You hit the orc priest.
The orc priest is severely wounded.
The orc priest calls down the wrath of Beogh upon you.
Beogh smites you!
* * * LOW HITPOINT WARNING * * *
The orc priest closely misses you.
You hit the orc priest.
You kill the orc priest!
The leopard gecko zombie bites you.
You die...

#########
....... .....
#...# #)[o#
##Z@.#######
##.##...........
............###
#..##.##....# #.
#. #.#.## # #.
#....#
##.####..###.##
.......<.......
.>.......#####.


You could see an orc priest and a leopard gecko zombie.

Vanquished Creatures
  Duvessa (D:4)
  An ice beast (D:5)
  2 ogres (D:5)
  A phantom (D:5)
  A centaur (D:5)
  Dowan (D:4)
  A crimson imp (D:5)
  4 orc priests
  A bullfrog skeleton (D:4)
  A hound (D:4)
  An orc wizard (D:5)
  An iguana (D:4)
  3 worker ants (D:4)
  3 adders
  2 worms
  2 dart slugs
  6 leopard geckos
  18 orcs
  5 bats
  6 goblins
  6 hobgoblins
  8 jackals
  7 frilled lizards
  A jackal skeleton (D:4)
  A jackal zombie (D:5)
  6 kobolds
  3 rats
93 creatures vanquished.

Notes
Turn   | Place    | Note
-------+----------+-------------------------------------------
     0 | D:1      | Odds the Vine Stalker Enchanter began the quest for the Orb.
     0 | D:1      | Reached XP level 1. HP: 9/9 MP: 4/4
   104 | D:1      | Reached skill level 1 in Short Blades
   219 | D:1      | Reached XP level 2. HP: 13/13 MP: 4/6
   428 | D:1      | Learned a level 2 spell: Ensorcelled Hibernation
  1004 | D:1      | Reached XP level 3. HP: 16/16 MP: 4/7
  1009 | D:1      | Learned a level 3 spell: Confuse
  1268 | D:2      | Found a faded altar of an unknown god.
  1268 | D:2      | Found a glowing silver altar of Zin.
  1273 | D:2      | Found a faded altar of an unknown god.
  1275 | D:2      | Found a sacrificial altar of Ru.
  1277 | D:2      | Found a faded altar of an unknown god.
  2492 | D:2      | Gained mutation: Your natural rate of healing is unusually fast. [Vine Stalker growth]
  2492 | D:2      | Reached XP level 4. HP: 10/21 MP: 1/9
  2886 | D:3      | Found a stormy altar of Qazlal.
  3001 | D:3      | Found an opulent altar of Gozag.
  3427 | D:4      | Reached XP level 5. HP: 8/25 MP: 2/10
  3521 | D:4      | Found a blossoming altar of Fedhas.
  3545 | D:4      | Reached skill level 1 in Ice Magic
  3858 | D:4      | Learned a level 3 spell: Tukima's Dance
  3942 | D:4      | Reached skill level 1 in Fighting
  4163 | D:4      | Reached XP level 6. HP: 22/30 MP: 3/11
  4242 | D:4      | Noticed Dowan
  4351 | D:4      | Noticed Duvessa
  4525 | D:5      | Entered Level 5 of the Dungeon
  4568 | D:5      | Learned a level 3 spell: Dazzling Spray
  4694 | D:5      | Reached XP level 7. HP: 33/33 MP: 10/13
  4834 | D:5      | Reached skill level 5 in Stealth
  4834 | D:5      | Reached skill level 1 in Conjurations
  4881 | D:5      | Found an iron altar of Okawaru.
  4990 | D:4      | Killed Duvessa
  4990 | D:4      | Reached skill level 5 in Hexes
  5020 | D:4      | Killed Dowan
  5509 | D:5      | Found a staircase to the Ecumenical Temple.
  5511 | D:5      | Gained mutation: You have razor-sharp teeth. [Vine Stalker growth]
  5511 | D:5      | Reached XP level 8. HP: 39/39 MP: 10/14
  5539 | Temple   | Entered the Ecumenical Temple
  5665 | Temple   | Became a worshipper of Ashenzari the Shackled
  5843 | D:6      | Slain by a leopard gecko zombie

Vault maps used:
D:1:      dpeg_arrival_circle_labyrinth_a
D:2:      chequers_temple_overflow_minitemple, first_bread
D:3:      nicolae_overflow_crystal_walls, overflow_temple_1_default
D:4:      fedhas_altar_fruit_tree, uniq_duvessa
D:5:      black_bear_nest_2, hangedman_abyss_or_decor_passed, fountainhead,
          okawaru_gym_becter
D:6:      minivault_22, uniq_blork_the_orc
Temple:   eino_temple_rhombus

Skill      XL: |  1  2  3  4  5  6  7  8 |
---------------+-------------------------+-----
Short Blades   | 1 2 3 |  3.1
Dodging        | 2 3 |  3.3
Stealth        | 4 5 |  5.7
Spellcasting   | 3 |  3.9
Ice Magic      | 1 |  1.2
Fighting       | 1 2 |  2.5
Hexes          | 4 5 |  5.6
Conjurations   | 1 |  1.6

Action                   |  1- 3 |  4- 6 |  7- 9 || total
-------------------------+-------+-------+-------++-------
Melee: Dagger            |    73 |       |       ||    73
       Bite              |     8 |    25 |    17 ||    50
       Short sword       |    23 |    80 |    76 ||   179
 Cast: Corona            |    10 |       |       ||    10
       Ensorcelled Hiber |    25 |    33 |     9 ||    67
       Confuse           |     4 |    13 |    12 ||    29
Invok: Curse Item        |       |       |     1 ||     1
Evoke: Wand              |       |       |     3 ||     3
  Use: Scroll            |     8 |     5 |       ||    13
       Potion            |       |     2 |       ||     2
 Stab: Sleeping          |    19 |    23 |     6 ||    48
       Confused          |       |     3 |    11 ||    14
  Eat: Chunk             |     7 |    11 |     2 ||    20
       Royal jelly       |       |       |     1 ||     1
       Pizza             |       |       |     1 ||     1
Armor: Robe              |    32 |     7 |     5 ||    44
Dodge: Dodged            |    77 |    44 |    29 ||   150
